 Dungeon Crawl Stone Soup version 0.30.1-11-g7821555f0a (webtiles) character file.

Game seed: 17044586214646483288

1560 cowcol the Cleaver (level 8, -6/71 HPs)
             Began as a Minotaur Fighter on Jan 7, 2024.
             Mangled by an orc warrior
             ... wielding a +0 halberd
              (10 damage)
             ... on level 6 of the Dungeon.
             The game lasted 00:12:39 (6794 turns).

cowcol the Cleaver (Minotaur Fighter)               Turns: 6794, Time: 00:12:40

Health: -6/71      AC: 12    Str: 23    XL:     8   Next: 58%
Magic:  7/7        EV:  9    Int:  5    God:
Gold:   219        SH:  4    Dex: 10    Spells: 7/7 levels left

rFire   . . .        a - +0 war axe
rCold   . . .        c - +0 buckler
rNeg    . . .        b - +0 scale mail
rPois   .            (helmet restricted)
rElec   .            (no cloak)
rCorr   .            w - +1 Delatra's gloves {ID++}
SInv    .            e - +1 pair of boots
Will    .....        (no amulet) Stlth
                     (no ring)
HPRegen 0.31/turn    (no ring)
MPRegen 0.10/turn

%: no passive effects
@: no status effects
A: horns 2, retaliatory headbutt
a: no special abilities


You were on level 6 of the Dungeon.
You visited 1 branch of the dungeon, and saw 6 of its levels.

You collected 219 gold pieces.

Inventory:

Hand Weapons
 a - a +0 war axe (weapon)
Missiles
 j - 5 boomerangs
 l - 13 poisoned darts (quivered)
Armour
 b - a +0 scale mail (worn)
 c - a +0 buckler (worn)
 e - a +1 pair of boots (worn)
 k - a +0 pair of gloves
 v - a +0 plate armour
 w - the +1 Delatra's gloves (worn) {ID++}
   (You found it on level 6 of the Dungeon)

   ID++:      It heals its wearer when they drink unknown potions, and restores
   their MP when they read unknown scrolls.
Wands
 q - a wand of digging (6)
 r - a wand of mindburst (11)
 s - a wand of paralysis (6)
Scrolls
 d - 3 scrolls of teleportation
 f - 2 scrolls of vulnerability
 g - 2 scrolls of immolation
 n - 2 scrolls of blinking
 t - a scroll of fog
 u - a scroll of identify
Potions
 h - a potion of curing
 m - a potion of haste {unknown}
 o - a potion of brilliance {unknown}
 p - a potion of heal wounds {unknown}
 x - a potion of flight {unknown}


   Skills:
 + Level 6.4 Fighting
 + Level 9.3 Axes
 + Level 1.5 Throwing
 + Level 8.0 Armour
 - Level 4.0 Shields


You had 7 spell levels left.
You didn't know any spells.
Your spell library was empty.

Dungeon Overview and Level Annotations

Branches:
Dungeon (6/15)
 Temple: D:4-7

Altars:
Elyvilon
Kikubaaqudgha
Qazlal
Xom


Innate Abilities, Weirdness & Mutations

You have a pair of horns on your head.
You reflexively headbutt those who attack you in melee.


Message History

An orc comes into view. It is wielding a +0 hand axe.
The orc warrior shouts!
You slash the orc!
You kill the orc!
An orc comes into view. It is wielding a +0 club.
Your Armour skill increases to level 8!
The orc warrior drinks a potion.
The orc warrior flickers and vanishes!
Deactivating autopickup; reactivate with Ctrl-A.
Something hits you!
The orc throws a boomerang.
You block the boomerang. Something hits you but does no damage.
You slash the orc!
You kill the orc!
You closely miss something. Something hits you! Something hits you.
Items here: ( )))))) [[[[[ †††††.
Something hits you but does no damage.
Items here: ( )))))) [[[[[ †††††.
You barely miss something. Something hits you but does no damage.
You barely miss something. Your headbutt misses something. Something hits you!
You hit something but do no damage. Something hits you but does no damage.
You hit something but do no damage. Something hits you but does no damage.
You barely miss something. Your headbutt misses something. Something hits you!
You closely miss something. You headbutt something. Something hits you!
* * * LOW HITPOINT WARNING * * *
You hit something. You block something's attack.
You feel better. Something hits you!
* * * LOW HITPOINT WARNING * * *
Okay, then.
It was a potion of cancellation.
You feel magically purged.
The energy of discovery flows from your fingertips!
You feel much better. You block something's attack.
You closely miss something. Something hits you!
You closely miss something. Something hits you.
You closely miss something. Something hits you!
* * * LOW HITPOINT WARNING * * *
You hit something. Something hits you.
* * * LOW HITPOINT WARNING * * *
Something hits you!
You die...

⌠.. .#. .. ..
... .. .. ..
#.##.##.##
#........#
#....$..#### #.
##.#.#.#.....#
#. #.# #....#
##.. #..#.#@#.#
##...##.#.##.# #
.............#
#.#......######
#.............#
###
#........####.#.
##.## #........#
#.#.## ##.#.##
#.#.....##
#....# ##.###.#
##...## #.#..#
#.## ##.


There were no monsters in sight!

Vanquished Creatures
  Sigmund (D:3)
  A steam dragon (D:5)
  Menkaure (D:5)
  2 orc warriors (D:5)
  A black bear (D:4)
  A bullfrog (D:6)
  2 scorpions (D:4)
  3 hounds
  4 orc priests
  Jessica (D:2)
  4 iguanas
  An orc wizard (D:5)
  Ijyb (D:3)
  Robin (D:3)
  8 gnolls
  7 adders
  3 ufetubi
  3 worms (D:2)
  3 dart slugs
  26 orcs
  13 ball pythons
  8 endoplasms
  3 giant cockroaches
  12 goblins
  9 hobgoblins
  3 jackals (D:4)
  4 quokkas
  5 bats
  3 frilled lizards
  5 kobolds
  4 rats
143 creatures vanquished.

Notes
Turn   | Place    | Note
-------+----------+-------------------------------------------
     0 | D:1      | cowcol the Minotaur Fighter began the quest for the Orb.
     0 | D:1      | Reached XP level 1. HP: 19/19 MP: 0/0
    80 | D:1      | Reached XP level 2. HP: 27/27 MP: 1/1
   230 | D:1      | Found a faded altar of an unknown god.
   972 | D:2      | Noticed Jessica
   986 | D:2      | Killed Jessica
   987 | D:2      | Reached skill level 3 in Axes
   987 | D:2      | Reached XP level 3. HP: 28/33 MP: 2/2
  1292 | D:2      | Reached XP level 4. HP: 40/40 MP: 3/3
  1440 | D:2      | Found a shimmering altar of Xom.
  1567 | D:3      | Noticed Robin
  1574 | D:3      | Reached skill level 4 in Axes
  1578 | D:3      | Killed Robin
  1853 | D:3      | Noticed Sigmund
  1862 | D:3      | Killed Sigmund
  1863 | D:3      | Reached skill level 5 in Axes
  1863 | D:3      | Reached skill level 5 in Armour
  1863 | D:3      | Reached XP level 5. HP: 47/47 MP: 4/4
  1863 | D:3      | Reached XP level 6. HP: 53/53 MP: 5/5
  2173 | D:3      | Reached skill level 1 in Throwing
  2448 | D:3      | Noticed Ijyb
  2457 | D:3      | Killed Ijyb
  2941 | D:4      | Reached skill level 6 in Axes
  3314 | D:4      | Found an ancient bone altar of Kikubaaqudgha.
  3350 | D:4      | Found a white marble altar of Elyvilon.
  3371 | D:4      | Reached skill level 5 in Fighting
  3381 | D:4      | Reached XP level 7. HP: 54/61 MP: 6/6
  3629 | D:4      | Reached skill level 7 in Axes
  4079 | D:5      | Entered Level 5 of the Dungeon
  4682 | D:5      | Reached skill level 8 in Axes
  5183 | D:5      | Reached XP level 8. HP: 46/70 MP: 7/7
  5497 | D:5      | Noticed Menkaure
  5501 | D:5      | Killed Menkaure
  6231 | D:6      | Reached skill level 9 in Axes
  6607 | D:6      | Found a stormy altar of Qazlal.
  6696 | D:6      | Found the +1 Delatra's gloves {ID++}
  6794 | D:6      | Mangled by an orc warrior

Illustrated notes

Levels and vault maps discovered:
D:1:      roderic_chinese_lattice_arrival, layout_basic,
          hellmonk_ecumenical_altar_blasted, minmay_misc_feat_secret_circle
D:2:      layout_loops_ring, basic_altar, uniq_jessica
D:3:      layout_loops_cross, uniq_sigmund, uniq_ijyb, uniq_robin
D:4:      layout_basic, elyvilon_altar_3, kiku_gazebo_pond_becter,
          chequers_mini_garden
D:5:      layout_basic, minmay_misc_feat_plants, abandoned_shop,
          kennysheep_boxes, uniq_menkaure
D:6:      layout_loops_ring, mainiacjoe_overflow_catwalk,
          minmay_temple_entry_large_hall, uniq_grinder, uniq_pikel

Skill      XL: |  1  2  3  4  5  6  7  8 |
---------------+-------------------------+-----
Armour         | 4 5 6 8 |  8.0
Shields        | 4 |  4.0
Fighting       | 4 5 6 |  6.4
Axes           | 3 5 6 8 9 |  9.3
Throwing       | 1 |  1.5

Action                     |  1- 3 |  4- 6 |  7- 9 || total
---------------------------+-------+-------+-------++-------
  Melee: War axe           |    69 |    98 |   165 ||   332
         Headbutt          |    10 |    15 |    28 ||    53
  Throw: Dart              |     8 |     6 |       ||    14
    Use: Scroll            |     3 |       |     5 ||     8
         Potion            |     2 |     2 |     3 ||     7
 Armour: Scale mail        |    37 |    54 |    60 ||   151
  Dodge: Dodged            |    27 |    56 |    63 ||   146
  Block: Buckler           |    22 |    29 |    34 ||    85
